 Dungeon Crawl Stone Soup version 0.20-a0-640-g62ed22f (webtiles) character file.

2404 polly the Basher (level 9, -3/49 HPs)
             Began as a Gargoyle Fighter on Feb 12, 2017.
             Was an Initiate of Okawaru.
             Killed by divine providence
             ... invoked by an orc priest
              (10 damage)
             ... on level 7 of the Dungeon.
             The game lasted 00:09:30 (6288 turns).

polly the Basher (Gargoyle Fighter)                 Turns: 6288, Time: 00:09:31

Health: -3/49      AC: 15    Str: 26    XL:     9   Next: 47%
Magic:  0/8        EV:  9    Int:  9    God:    Okawaru [......]
Gold:   379        SH: 11    Dex: 10    Spells: 8/8 levels left

rFire    + + .     SeeInvis .   g - +0 morningstar
rCold    + . .     Gourm    .   b - +0 scale mail
rNeg     + . .     Faith    .   c - +0 shield
rPois    ∞         Spirit   +   (helmet restricted)
rElec    +         Reflect  .   G - scarf {rC+}
rCorr    .         Harm     .   E - +0 pair of gloves
MR       .....     Rnd*Tele +   H - +0 pair of boots
Stlth    ..........             D - amulet of guardian spirit
Regen    0.2/turn               F - +4 ring of strength
MPRegen  0.2/turn               x - ring of protection from fire

@: no status effects
A: horns 1, fire resistance 1, frail 1, low mp 1, negative energy resistance 1,
electricity resistance, teleportitis 1, unbreathing, petrification resistance,
rot immunity, AC +5
a: Renounce Religion


You were on level 7 of the Dungeon.
You worshipped Okawaru.
Okawaru was noncommittal.
You were not hungry.

You visited 2 branches of the dungeon, and saw 8 of its levels.

You collected 379 gold pieces.

Inventory:

Hand Weapons
 a - a +0 flail
 g - a +0 morningstar (weapon)
Missiles
 m - 6 javelins (quivered)
Armour
 b - a +0 scale mail (worn)
 c - a +0 shield (worn)
 s - a +0 helmet
 E - a +0 pair of gloves (worn)
 G - a scarf of cold resistance (worn)
 H - a +0 pair of boots (worn)
Jewellery
 w - an uncursed amulet of faith
 x - a ring of protection from fire (left hand)
 D - an amulet of guardian spirit (around neck)
 F - a +4 ring of strength (right hand)
Wands
 h - a wand of iceblast (9/15)
Scrolls
 e - 3 scrolls of identify
 j - a scroll of fog
 l - 2 scrolls of remove curse
 n - 5 scrolls of amnesia {unknown}
 q - a scroll of enchant weapon {unknown}
 t - a scroll of magic mapping {unknown}
 u - 2 scrolls of teleportation {unknown}
 y - 2 scrolls of enchant armour {unknown}
 I - a scroll of blinking {unknown}
 J - a scroll of recharging {unknown}
 L - a scroll of immolation {unknown}
 M - 2 scrolls of random uselessness {unknown}
Potions
 d - a potion of might
 i - a potion of berserk rage {unknown}
 o - a potion of heal wounds
 p - a potion of haste {unknown}
 r - a potion of magic {unknown}
 A - a potion of curing {unknown}
 B - a potion of agility {unknown}
 C - a potion of invisibility {unknown}
 K - a potion of lignification {unknown}
 O - a potion of resistance
Comestibles
 f - 5 bread rations
 k - 5 royal jellies
 v - 2 meat rations
 z - 4 fruits
 N - a chunk of flesh


   Skills:
 + Level 5.7 Fighting
 + Level 8.2 Maces & Flails
 + Level 0.6 Throwing
 + Level 6.3 Armour
 + Level 3.0 Dodging
 + Level 0.2 Stealth
 + Level 6.9 Shields


You had 8 spell levels left.
You didn't know any spells.

Dungeon Overview and Level Annotations

Branches:
Dungeon (6/15)             Temple (1/1) D:6

Altars:
Ashenzari
Cheibriados
Dithmenos
Fedhas
Gozag
Hepliaklqana
Kikubaaqudgha
Makhleb
Nemelex Xobeh
Okawaru
Qazlal
Ru
Sif Muna
Trog
Uskayaw
Vehumet
Yredelemnul
Lugonu


Innate Abilities, Weirdness & Mutations

You are resistant to torment.
Your stone body is resilient. (AC +5)
You are immune to poison.
You resist negative energy. (rN+)
You are resistant to electric shocks. (rElec)
You can survive without breathing.
You are immune to petrification.
You are immune to rotting.
You have a pair of small horns on your head.
Your flesh is heat resistant. (rF+)
You are frail. (-10% HP)
Your magical capacity is low. (-10% MP)
You are occasionally teleported next to monsters.


Message History

You kill the orc priest!
Okawaru accepts your kill.
The orc priest mumbles some strange prayers to Beogh against you.
Beogh smites you!
* * * LOW HITPOINT WARNING * * *
Items here: )) [ †† a flail; a dagger; a robe; an orc corpse x2
You sock the orc priest! Your headbutt misses the orc priest.
The orc priest is heavily wounded.
You block the orc priest's attack. The orc hits you but does no damage.
You closely miss the orc priest.
The orc priest is heavily wounded.
The orc priest hits you but does no damage.
The orc closely misses you.
Your shield prevents you from hitting the orc priest.
Your headbutt misses the orc priest.
The orc priest is heavily wounded.
The orc priest calls down the wrath of Beogh upon you.
Beogh smites you!
You die...

.. #.
########...
#.
#..........
#.
#..........
#.
#..........
#.
#.######...
#. #.#
.#####.###.#
......o@...#
######o#####
... #.#.
#.#. # #. #.
#.


You could see an orc priest and an orc.

Vanquished Creatures
  Prince Ribbit (D:5)
  Eustachio (D:5)
  A black bear (D:6)
  3 ogres
  3 centaurs (D:6)
  3 phantoms
  A bullfrog (D:6)
  8 wights
  A howler monkey (D:5)
  A crimson imp (D:5)
  5 orc wizards
  A hound (D:6)
  An orc priest (D:7)
  A bullfrog skeleton (D:6)
  A centaur skeleton (D:6)
  2 iguanas
  7 worker ants
  2 worker ant zombies (D:6)
  Robin (D:2)
  3 gnolls (D:5)
  11 adders
  A shadow imp (D:6)
  An ooze (D:6)
  3 worms
  A dart slug (D:1)
  3 leopard geckos
  16 orcs
  14 giant cockroaches
  14 goblins
  10 hobgoblins
  8 kobolds
  5 quokkas
  2 ball pythons
  9 bats
  2 frilled lizards
  10 rats
  2 demonic plants (Temple)
159 creatures vanquished.

Vanquished Creatures (others)
  An orc (D:6)
1 creature vanquished.

Grand Total: 160 creatures vanquished

Notes
Turn   | Place    | Note
-------+----------+-------------------------------------------
     0 | D:1      | polly the Gargoyle Fighter began the quest for the Orb.
     0 | D:1      | Reached XP level 1. HP: 14/14 MP: 1/1
   172 | D:1      | Reached XP level 2. HP: 3/19 MP: 2/2
   915 | D:1      | Reached XP level 3. HP: 23/23 MP: 3/3
  1049 | D:2      | Noticed Robin
  1075 | D:2      | Killed Robin
  1361 | D:2      | Found a stormy altar of Qazlal.
  1373 | D:2      | Reached skill level 3 in Maces & Flails
  1373 | D:2      | Reached XP level 4. HP: 28/28 MP: 4/4
  1967 | D:3      | Reached XP level 5. HP: 22/32 MP: 5/5
  2506 | D:3      | Found a sparkling altar of Nemelex Xobeh.
  2823 | D:3      | Found a shadowy altar of Dithmenos.
  2824 | D:3      | Found a radiant altar of Vehumet.
  2887 | D:4      | Reached skill level 1 in Dodging
  3032 | D:4      | Reached skill level 4 in Maces & Flails
  3060 | D:4      | Noticed a phantom
  3089 | D:4      | Killed a phantom
  3089 | D:4      | Reached XP level 6. HP: 16/38 MP: 6/6
  3301 | D:4      | Found a blossoming altar of Fedhas.
  3360 | D:4      | Reached skill level 5 in Shields
  3425 | D:4      | Reached XP level 7. HP: 12/43 MP: 7/7
  3471 | D:5      | Entered Level 5 of the Dungeon
  3715 | D:4      | Reached skill level 5 in Maces & Flails
  3894 | D:4      | Noticed a moth of wrath
  3897 | D:4      | Found a bloodstained altar of Trog.
  4183 | D:5      | Noticed Prince Ribbit
  4184 | D:5      | Found a hazy altar of Hepliaklqana.
  4600 | D:4      | Gained mutation: You have a pair of small horns on your head. [potion of mutation]
  4600 | D:4      | Gained mutation: You are occasionally teleported next to monsters. [potion of mutation]
  4600 | D:4      | Gained mutation: Your flesh is cold resistant. (rC+) [potion of mutation]
  4600 | D:4      | Gained mutation: Your spells are a little harder to cast, but a little more powerful. [potion of mutation]
  4615 | D:5      | Killed Prince Ribbit
  4615 | D:5      | Reached skill level 5 in Armour
  4621 | D:5      | Reached XP level 8. HP: 30/48 MP: 5/8
  4828 | D:5      | Reached skill level 6 in Maces & Flails
  4847 | D:5      | Reached skill level 5 in Fighting
  4881 | D:5      | Noticed Eustachio
  4896 | D:5      | Killed Eustachio
  5106 | D:5      | Found a shattered altar of Ashenzari.
  5140 | D:5      | Lost mutation: You have a pair of small horns on your head. [potion of mutation]
  5140 | D:5      | Lost mutation: Your spells are a little harder to cast, but a little more powerful. [potion of mutation]
  5140 | D:5      | Lost mutation: Your flesh is cold resistant. (rC+) [potion of mutation]
  5140 | D:5      | Gained mutation: Your magical capacity is low. (-10% MP) [potion of mutation]
  5140 | D:5      | Gained mutation: You are frail. (-10% HP) [potion of mutation]
  5140 | D:5      | Gained mutation: You have a pair of small horns on your head. [potion of mutation]
  5140 | D:5      | Gained mutation: Your flesh is heat resistant. (rF+) [potion of mutation]
  5228 | D:5      | Found a shadowy altar of Dithmenos.
  5513 | D:6      | Reached skill level 7 in Maces & Flails
  5790 | D:6      | Reached XP level 9. HP: 48/48 MP: 8/8
  5792 | D:6      | Found a basalt altar of Yredelemnul.
  5851 | D:6      | Found a deep blue altar of Sif Muna.
  5894 | D:6      | Found a sacrificial altar of Ru.
  5971 | D:6      | Found a staircase to the Ecumenical Temple.
  5988 | Temple   | Entered the Ecumenical Temple
  6012 | Temple   | Became a worshipper of Warmaster Okawaru
  6132 | D:6      | Reached skill level 8 in Maces & Flails
  6254 | D:6      | You fall through a shaft!
  6288 | D:7      | Killed from afar by an orc priest

Vault maps used:
D:1:      nagdon_arrival_zigzag_paths
D:2:      overflow_temple_1_default, hangedman_abyss_or_decor_stabs, uniq_robin
D:3:      minmay_roachtagon, gammafunk_temple_overflow_pools,
          lemuel_crystal_altar
D:4:      minmay_wonky_spiral, fedhas_altar_1, tgw_trog, first_bread,
          st_stairs_9, small_statue_intersection,
          hangedman_abyss_or_decor_passed
D:5:      nicolae_overflow_crystal_walls, overflow_temple_1_default,
          grunt_dithmenos_shadows, uniq_prince_ribbit1, uniq_eustachio
D:6:      lemuel_crystal_altar, lemuel_crystal_altar,
          nicolae_ru_great_annihilating_truth, minmay_temple_entry_junction
D:7:      xom_redecorated, serial_shops, shop, nemelex_dance_club_becter
Temple:   corrupted_temple

Skill      XL: |  1  2  3  4  5  6  7  8  9 |
---------------+----------------------------+-----
Maces & Flails | 3 4 5 7 8 |  8.2
Armour         | 4 5 6 |  6.3
Shields        | 4 5 6 |  6.9
Dodging        | 1 2 3 |  3.0
Fighting       | 4 5 |  5.7
Throwing       | |  0.6
Stealth        | |  0.2

Action                   |  1- 3 |  4- 6 |  7- 9 || total
-------------------------+-------+-------+-------++-------
Melee: Flail             |   166 |   276 |   141 ||   583
       Headbutt          |       |       |    68 ||    68
       Morningstar       |       |       |   230 ||   230
Throw: Javelin           |       |       |     4 ||     4
  Use: Potion            |     1 |       |     5 ||     6
       Scroll            |       |       |     3 ||     3
 Stab: Paralysed         |       |       |     1 ||     1
  Eat: Chunk             |     1 |     8 |     8 ||    17
       Royal jelly       |       |       |     1 ||     1
Armor: Scale mail        |   130 |   190 |   189 ||   509
Dodge: Dodged            |    72 |    91 |   156 ||   319
Block: Shield            |   117 |   184 |   211 ||   512
